BSA
IRVINE GANG GREEN @ HENDERSONVILLE HITMEN
08/26/2030
 
TOP OF THE 1ST
Irvine Gang Green batting - Pitching for Hendersonville Hitmen : RHP Marcos Miranda
Pitching: RHP Marcos Miranda
Batting: RHB Tomás Carranza 0-0: Ball
1-0: Fly out, F6 (Popup, 4MD)
Batting: LHB Tony Tavárez 0-0: Called Strike
0-1: Ball
1-1: Called Strike
1-2: Foul Ball, location: 2F
1-2: Ball
2-2: Strikes out swinging
Batting: LHB Jeff Daniels 0-0: Called Strike
0-1: Ball
1-1: Foul Ball, location: 2F
1-2: Foul Ball, location: 2F
1-2: Fly out, F7 (Flyball, 7LSF)
Top of the 1st over - 0 runs, 0 hits, 0 errors, 0 left on base; Irvine 0 - Hendersonville 0
BOTTOM OF THE 1ST
Hendersonville Hitmen batting - Pitching for Irvine Gang Green : RHP Jesús De Los Santos
Pitching: RHP Jesús De Los Santos
Batting: SHB Félix Montoya 0-0: Ball
1-0: Ball
2-0: Ground out 4-3 (Groundball, 4MD)
Batting: SHB José Estreito 0-0: Ball
1-0: Ball
2-0: Ball
3-0: Base on Balls
Batting: SHB Rick Turner 0-0: Foul Ball, location: 2F
0-1: Ball
1-1: Ball
2-1: Ball
3-1: Ground out 4-3 (Groundball, 4S)
José Estreito to second
Batting: RHB Felipe Jareño 0-0: Ball
1-0: Foul Ball, location: 2F
1-1: Ball
2-1: Fly out, F6 (Line Drive, 56)
Bottom of the 1st over - 0 runs, 0 hits, 0 errors, 1 left on base; Irvine 0 - Hendersonville 0
TOP OF THE 2ND
Irvine Gang Green batting - Pitching for Hendersonville Hitmen : RHP Marcos Miranda
Batting: SHB Nick Cox 0-0: Swinging Strike
0-1: Ball
1-1: Ball
2-1: Ball
3-1: Fly out, F8 (Flyball, 89D)
Batting: LHB Víctor Quiñones 0-0: Ball
1-0: Ball
2-0: SOLO HOME RUN (Flyball, 9D), Distance : 402 ft
Batting: RHB Carlos García 0-0: Ball
1-0: Called Strike
1-1: Ball
2-1: Ball
3-1: Ground out 6-3 (Groundball, 6)
Batting: SHB Carlos Córdova 0-0: Foul Ball, location: 2F
0-1: Swinging Strike
0-2: Ball
1-2: Foul Ball, location: 2F
1-2: Ball
2-2: Ball
3-2: Foul Ball, location: 2F
3-2: Foul Ball, location: 2F
3-2: Foul Ball, location: 2F
3-2: SOLO HOME RUN (Flyball, 7LD), Distance : 368 ft
Batting: RHB José Salazar 0-0: Ground out 4-3 (Groundball, 4)
Top of the 2nd over - 2 runs, 2 hits, 0 errors, 0 left on base; Irvine 2 - Hendersonville 0
BOTTOM OF THE 2ND
Hendersonville Hitmen batting - Pitching for Irvine Gang Green : RHP Jesús De Los Santos
Batting: LHB Pedro Rodríguez 0-0: Called Strike
0-1: SINGLE (Groundball, 6MD)
Batting: LHB Milo Glenn 0-0: Ball
1-0: Foul Ball, location: 2F
1-1: Called Strike
1-2: Foul Ball, location: 2F
1-2: Strikes out swinging
Batting: LHB Pedro Gonzáles 0-0: Called Strike
0-1: Grounds into double play, 4-6-3 (Groundball, 4)
Bottom of the 2nd over - 0 runs, 1 hit, 0 errors, 0 left on base; Irvine 2 - Hendersonville 0
TOP OF THE 3RD
Irvine Gang Green batting - Pitching for Hendersonville Hitmen : RHP Marcos Miranda
Batting: RHB Ron Elazar 0-0: Called Strike
0-1: Ball
1-1: Ball
2-1: SINGLE (Groundball, 56D)
Batting: RHB Tomás Carranza 0-0: Ball
1-0: Ball
2-0: Ball
3-0: Base on Balls
Ron Elazar to second
Batting: LHB Tony Tavárez 0-0: Ball
1-0: Ball
2-0: Swinging Strike
2-1: Swinging Strike
2-2: Ground out 4-3 (Groundball, 4S)
Ron Elazar to third
Tomás Carranza to second
Batting: LHB Jeff Daniels 0-0: Called Strike
0-1: Ball
1-1: Ball
2-1: Fly out, F6 (Line Drive, 56)
Lined into DP, 6-4 (Line Drive, 56)
Top of the 3rd over - 0 runs, 1 hit, 0 errors, 1 left on base; Irvine 2 - Hendersonville 0
BOTTOM OF THE 3RD
Hendersonville Hitmen batting - Pitching for Irvine Gang Green : RHP Jesús De Los Santos
Batting: RHB Ron Glass 0-0: Ball
1-0: SINGLE (Groundball, 34D)
Batting: LHB Miguel García 0-0: Swinging Strike
0-1: Ball
1-1: Ball
2-1: Fielders Choice at 2nd, 4-6 (Groundball, 4M)
Batting: SHB Félix Montoya 0-0: Ball
1-0: Foul Ball, location: 2F
1-1: Ball
2-1: Called Strike
2-2: TRIPLE (Line Drive, 89XD)
Miguel García scores
Batting: SHB José Estreito 0-0: Swinging Strike
0-1: Ball
1-1: Ball
2-1: Ball
3-1: Foul Ball, location: 2F
3-2: Strikes out swinging
Batting: SHB Rick Turner 0-0: Ball
1-0: DOUBLE (Groundball, 5L)
Félix Montoya scores
Batting: RHB Felipe Jareño 0-0: Ball
1-0: Ball
2-0: Foul Ball, location: 2F
2-1: Foul Ball, location: 2F
2-2: Ball
3-2: Ground out 4-3 (Groundball, 4S)
Bottom of the 3rd over - 2 runs, 3 hits, 0 errors, 1 left on base; Irvine 2 - Hendersonville 2
TOP OF THE 4TH
Irvine Gang Green batting - Pitching for Hendersonville Hitmen : RHP Marcos Miranda
Batting: SHB Nick Cox 0-0: Ball
1-0: Swinging Strike
1-1: Ball
2-1: Ball
3-1: Swinging Strike
3-2: Strikes out swinging
Batting: LHB Víctor Quiñones 0-0: Ball
1-0: Foul Ball, location: 2F
1-1: Foul Ball, location: 2F
1-2: Foul Ball, location: 2F
1-2: Ball
2-2: Ball
3-2: Foul Ball, location: 2F
3-2: Ground out U3 (Groundball, 3L)
Batting: RHB Carlos García 0-0: SINGLE (Groundball, 34D)
Batting: SHB Carlos Córdova 0-0: Called Strike
0-1: Swinging Strike
0-2: Foul Ball, location: 2F
0-2: Strikes out looking
Top of the 4th over - 0 runs, 1 hit, 0 errors, 1 left on base; Irvine 2 - Hendersonville 2
BOTTOM OF THE 4TH
Hendersonville Hitmen batting - Pitching for Irvine Gang Green : RHP Jesús De Los Santos
Batting: LHB Pedro Rodríguez 0-0: Foul Ball, location: 2F
0-1: Swinging Strike
0-2: Ground out 5-3 (Groundball, 5)
Batting: LHB Milo Glenn 0-0: Called Strike
0-1: Ground out 4-3 (Groundball, 34D)
Batting: LHB Pedro Gonzáles 0-0: Ground out 4-3 (Groundball, 4)
Bottom of the 4th over - 0 runs, 0 hits, 0 errors, 0 left on base; Irvine 2 - Hendersonville 2
TOP OF THE 5TH
Irvine Gang Green batting - Pitching for Hendersonville Hitmen : RHP Marcos Miranda
Batting: RHB José Salazar 0-0: Fly out, F9 (Line Drive, 9)
Batting: RHB Ron Elazar 0-0: Ball
1-0: DOUBLE (Groundball, 3L)
Batting: RHB Tomás Carranza 0-0: Intentional Walk
Batting: LHB Tony Tavárez 0-0: SINGLE (Groundball, 34D)
Ron Elazar to third
Tomás Carranza to second
Runner from 3rd tries for Home, SAFE, no throw
Batting: LHB Jeff Daniels 0-0: Ball
1-0: Ball
2-0: Called Strike
2-1: Ball
3-1: Foul Ball, location: 2F
3-2: 3-RUN HOME RUN (Flyball, 9LD), Distance : 384 ft
Batting: SHB Nick Cox 0-0: SOLO HOME RUN (Flyball, 78D), Distance : 418 ft
Batting: LHB Víctor Quiñones 0-0: Called Strike
0-1: Ball
1-1: Ball
2-1: Ball
3-1: Base on Balls
Pitching: RHP Rafael López
Batting: RHB Carlos García 0-0: Called Strike
0-1: Ball
1-1: Grounds into double play, 3-6-1 (Groundball, 34)
Top of the 5th over - 5 runs, 4 hits, 0 errors, 0 left on base; Irvine 7 - Hendersonville 2
BOTTOM OF THE 5TH
Hendersonville Hitmen batting - Pitching for Irvine Gang Green : RHP Jesús De Los Santos
Batting: RHB Ron Glass 0-0: Called Strike
0-1: Ball
1-1: Called Strike
1-2: Ball
2-2: Ball
3-2: Foul Ball, location: 2F
3-2: Foul Ball, location: 2F
3-2: Strikes out looking
Batting: LHB Miguel García 0-0: Ball
1-0: Foul Ball, location: 2F
1-1: Called Strike
1-2: Strikes out swinging
Batting: SHB Félix Montoya 0-0: Called Strike
0-1: Ball
1-1: Ball
2-1: Ground out 4-3 (Groundball, 4)
Bottom of the 5th over - 0 runs, 0 hits, 0 errors, 0 left on base; Irvine 7 - Hendersonville 2
TOP OF THE 6TH
Irvine Gang Green batting - Pitching for Hendersonville Hitmen : RHP Rafael López
Batting: SHB Carlos Córdova 0-0: Called Strike
0-1: Swinging Strike
0-2: Ball
1-2: Ball
2-2: Strikes out looking
Batting: RHB José Salazar 0-0: Ground out 6-3 (Groundball, 6)
Batting: RHB Ron Elazar 0-0: Foul Ball, location: 2F
0-1: Swinging Strike
0-2: Foul Ball, location: 2F
0-2: SINGLE (Groundball, 25) (infield hit)
Batting: RHB Tomás Carranza 0-0: Called Strike
0-1: DOUBLE (Flyball, 78D)
Ron Elazar to third
Runner from 3rd tries for Home, SAFE, no throw
Batting: LHB Tony Tavárez 0-0: Foul Ball, location: 2F
0-1: Ball
Wild Pitch!
Tomás Carranza to third
1-1: Swinging Strike
1-2: Strikes out swinging
Top of the 6th over - 1 run, 2 hits, 0 errors, 1 left on base; Irvine 8 - Hendersonville 2
BOTTOM OF THE 6TH
Hendersonville Hitmen batting - Pitching for Irvine Gang Green : RHP Jesús De Los Santos
Batting: SHB José Estreito 0-0: Ball
1-0: Ball
2-0: Ground out 6-3 (Groundball, 6S)
Batting: SHB Rick Turner 0-0: Foul Ball, location: 2F
0-1: Called Strike
0-2: Ball
1-2: Ball
2-2: Ball
3-2: SOLO HOME RUN (Flyball, 9LD), Distance : 357 ft
Batting: RHB Felipe Jareño 0-0: Called Strike
0-1: Fly out, F4 (Flyball, 34D)
Batting: LHB Pedro Rodríguez 0-0: Called Strike
0-1: Swinging Strike
0-2: Foul Ball, location: 2F
0-2: Strikes out looking
Bottom of the 6th over - 1 run, 1 hit, 0 errors, 0 left on base; Irvine 8 - Hendersonville 3
TOP OF THE 7TH
Irvine Gang Green batting - Pitching for Hendersonville Hitmen : RHP Rafael López
Batting: LHB Jeff Daniels 0-0: Ground out 6-3 (Groundball, 6M)
Batting: SHB Nick Cox 0-0: Called Strike
0-1: Swinging Strike
0-2: Ball
1-2: Foul Ball, location: 2F
1-2: Ball
2-2: Foul Ball, location: 2F
2-2: Ground out 6-3 (Groundball, 6)
Batting: LHB Víctor Quiñones 0-0: Ground out U3 (Groundball, 3S)
Top of the 7th over - 0 runs, 0 hits, 0 errors, 0 left on base; Irvine 8 - Hendersonville 3
BOTTOM OF THE 7TH
Hendersonville Hitmen batting - Pitching for Irvine Gang Green : RHP Jesús De Los Santos
Pitching: RHP Adrián Sandoval
Batting: LHB Milo Glenn 0-0: Foul Ball, location: 2F
0-1: Ball
1-1: Ball
2-1: Foul Ball, location: 2F
2-2: Ground out U3 (Groundball, 3L)
Batting: LHB Pedro Gonzáles 0-0: Ball
1-0: Foul Ball, location: 2F
1-1: Called Strike
1-2: Foul Ball, location: 2F
1-2: Foul Ball, location: 2F
1-2: Strikes out swinging
Batting: RHB Ron Glass 0-0: Foul Ball, location: 2F
0-1: Ball
1-1: Swinging Strike
1-2: Strikes out swinging
Bottom of the 7th over - 0 runs, 0 hits, 0 errors, 0 left on base; Irvine 8 - Hendersonville 3
TOP OF THE 8TH
Irvine Gang Green batting - Pitching for Hendersonville Hitmen : RHP Rafael López
Batting: RHB Carlos García 0-0: Called Strike
0-1: Ball
1-1: Ball
2-1: Foul Ball, location: 2F
2-2: Ground out 6-3 (Groundball, 6)
Batting: SHB Carlos Córdova 0-0: Foul Ball, location: 2F
0-1: Ball
1-1: Swinging Strike
1-2: Foul Ball, location: 2F
1-2: Ground out U3 (Groundball, 3)
Batting: RHB José Salazar 0-0: Ball
1-0: Ball
2-0: Ball
3-0: Called Strike
3-1: Foul Ball, location: 2F
3-2: Strikes out looking
Top of the 8th over - 0 runs, 0 hits, 0 errors, 0 left on base; Irvine 8 - Hendersonville 3
BOTTOM OF THE 8TH
Hendersonville Hitmen batting - Pitching for Irvine Gang Green : RHP Adrián Sandoval
Batting: LHB Miguel García 0-0: Swinging Strike
0-1: Ball
1-1: Swinging Strike
1-2: Ball
2-2: Ball
3-2: Strikes out swinging
Batting: SHB Félix Montoya 0-0: Called Strike
0-1: Ball
1-1: Foul Ball, location: 2F
1-2: Strikes out swinging
Batting: SHB José Estreito 0-0: Ball
1-0: Foul Ball, location: 2F
1-1: Ball
2-1: Ground out 1-3 (Groundball, 13)
Bottom of the 8th over - 0 runs, 0 hits, 0 errors, 0 left on base; Irvine 8 - Hendersonville 3
TOP OF THE 9TH
Irvine Gang Green batting - Pitching for Hendersonville Hitmen : RHP Rafael López
Pitching: RHP Ignacio Morales
Batting: RHB Ron Elazar 0-0: Called Strike
0-1: Foul Ball, location: 2F
0-2: Ground out 6-3 (Groundball, 6M)
Batting: RHB Tomás Carranza 0-0: Ball
1-0: Ball
2-0: Ground out 4-3 (Groundball, 4M)
Batting: LHB Tony Tavárez 0-0: Called Strike
0-1: Foul Ball, location: 2F
0-2: Ball
1-2: Ground out 4-3 (Groundball, 4)
Top of the 9th over - 0 runs, 0 hits, 0 errors, 0 left on base; Irvine 8 - Hendersonville 3
BOTTOM OF THE 9TH
Hendersonville Hitmen batting - Pitching for Irvine Gang Green : RHP Adrián Sandoval
Batting: SHB Rick Turner 0-0: Foul Ball, location: 2F
0-1: Ball
1-1: Ground out 6-3 (Groundball, 6)
Batting: RHB Felipe Jareño 0-0: Ball
1-0: Ball
2-0: Swinging Strike
2-1: Foul Ball, location: 2F
2-2: Ball
3-2: Strikes out swinging
Batting: LHB Pedro Rodríguez 0-0: Called Strike
0-1: Called Strike
0-2: Ball
1-2: Ball
2-2: Foul Ball, location: 2F
2-2: Ball
3-2: Strikes out swinging
Bottom of the 9th over - 0 runs, 0 hits, 0 errors, 0 left on base; Irvine 8 - Hendersonville 3
Saturday, April 7th, 2018 - OOTP Baseball 18.8 Build 76